TOP OF THE 1ST |
Grim Reapers batting - Pitching for Washington Generals : RHP Phillip Donoghue
|
Pitching: RHP Phillip Donoghue
|
|
Batting: RHB Dolla Head
|
0-0: Foul Ball, location: 2F 0-1: Foul Ball, location: 2F 0-2: Foul Ball, location: 2F 0-2: Foul Ball, location: 2F 0-2: Foul Ball, location: 2F 0-2: Ground out 4-3 (Groundball, 4)
|
Batting: RHB Colby King
|
0-0: Ball 1-0: Ball 2-0: Foul Ball, location: 2F 2-1: Ball 3-1: Base on Balls
|
Batting: LHB Alberto Garza
|
0-0: Ball 1-0: Ball 2-0: Ball 3-0: Called Strike 3-1: Swinging Strike 3-2: SINGLE (Line Drive, 9LS) Colby King to second Runner from 2nd tries for 3rd, SAFE, no throw
|
Batting: LHB Dante Aristizabal
|
0-0: Ball 1-0: Ball Balk! Colby King scores Alberto Garza to second 2-0: Foul Ball, location: 2F 2-1: Foul Ball, location: 2F 2-2: Ball 3-2: Base on Balls
|
Batting: RHB Lee Benjamin
|
0-0: Called Strike 0-1: Foul Ball, location: 2F 0-2: Ball 1-2: Ball 2-2: Foul Ball, location: 2F 2-2: Ball 3-2: Base on Balls Alberto Garza to third Dante Aristizabal to second
|
Batting: RHB Lu-fang Koo
|
0-0: Ground out 6-3 (Groundball, 6S) Alberto Garza scores Dante Aristizabal to third Lee Benjamin to second
|
Batting: RHB Mason Congdon
|
0-0: SINGLE (Groundball, 6MD) Dante Aristizabal scores Lee Benjamin to third Runner from 3rd tries for Home, SAFE, no throw
|
Batting: RHB Bartolo Hernández
|
0-0: Ball 1-0: Ball 2-0: Swinging Strike 2-1: DOUBLE (Flyball, 89XD) Mason Congdon to third
|
Batting: RHB Luis Pagán
|
0-0: Hit by Pitch
|
Batting: RHB Dolla Head
|
0-0: Called Strike 0-1: Ball 1-1: Called Strike 1-2: Foul Ball, location: 2F 1-2: Ball 2-2: Fly out, F7 (Line Drive, 7D)
|
Top of the 1st over - 4 runs, 3 hits, 0 errors, 3 left on base; Grim 4 - Washington 0 |
BOTTOM OF THE 1ST |
Washington Generals batting - Pitching for Grim Reapers : LHP Archie Erickson
|
Pitching: LHP Archie Erickson
|
|
Batting: RHB Jeremy Geertsen
|
0-0: Ball 1-0: Foul Ball, location: 2F 1-1: Ground out 5-3 (Groundball, 5)
|
Batting: RHB Stan Wheeler
|
0-0: Ball 1-0: Called Strike 1-1: Ground out 6-3 (Groundball, 6)
|
Batting: RHB Chad Silander
|
0-0: Ball 1-0: Called Strike 1-1: Fly out, F2 (Popup, 23F)
|
Bottom of the 1st over - 0 runs, 0 hits, 0 errors, 0 left on base; Grim 4 - Washington 0 |
TOP OF THE 2ND |
Grim Reapers batting - Pitching for Washington Generals : RHP Phillip Donoghue
|
Batting: RHB Colby King
|
0-0: Ball 1-0: Ground out 4-3 (Groundball, 4)
|
Batting: LHB Alberto Garza
|
0-0: Ball 1-0: Reached on error, E1 (Groundball, 15S)
|
Batting: LHB Dante Aristizabal
|
0-0: Ball 1-0: Ball 2-0: Ball 3-0: Base on Balls Alberto Garza to second
|
Batting: RHB Lee Benjamin
|
0-0: Ball 1-0: Ball 2-0: Ball 3-0: Called Strike 3-1: Foul Ball, location: 2F 3-2: Strikes out swinging
|
Batting: RHB Lu-fang Koo
|
0-0: Called Strike 0-1: Ball 1-1: Ball 2-1: Ball 3-1: Swinging Strike 3-2: Base on Balls Alberto Garza to third Dante Aristizabal to second
|
Batting: RHB Mason Congdon
|
0-0: Called Strike 0-1: Foul Ball, location: 2F 0-2: Strikes out swinging
|
Top of the 2nd over - 0 runs, 0 hits, 1 error, 3 left on base; Grim 4 - Washington 0 |
BOTTOM OF THE 2ND |
Washington Generals batting - Pitching for Grim Reapers : LHP Archie Erickson
|
Batting: RHB Daryl Yandell
|
0-0: Ball 1-0: SINGLE (Popup, 4D)
|
Batting: RHB Mike Lipide
|
0-0: Ball 1-0: Fielders Choice at 2nd, 6-4 (Groundball, 6M)
|
Batting: RHB Alonso Vielma
|
0-0: Called Strike Mike Lipide is caught stealing 2nd base 0-1: Foul Ball, location: 2F 0-2: Strikes out swinging
|
Bottom of the 2nd over - 0 runs, 1 hit, 0 errors, 0 left on base; Grim 4 - Washington 0 |
TOP OF THE 3RD |
Grim Reapers batting - Pitching for Washington Generals : RHP Phillip Donoghue
|
Batting: RHB Bartolo Hernández
|
0-0: Ball 1-0: Ball 2-0: Foul Ball, location: 2F 2-1: Ball 3-1: Swinging Strike 3-2: Base on Balls
|
Batting: RHB Luis Pagán
|
0-0: DOUBLE (Line Drive, 7LD) Bartolo Hernández to third
|
Batting: RHB Dolla Head
|
0-0: Ball 1-0: Called Strike 1-1: Called Strike 1-2: Ball 2-2: Foul Ball, location: 2F 2-2: Ball 3-2: Base on Balls
|
Batting: RHB Colby King
|
0-0: Ball 1-0: Called Strike 1-1: Called Strike 1-2: Ball 2-2: Ball 3-2: Strikes out swinging
|
Batting: LHB Alberto Garza
|
0-0: Called Strike 0-1: Ball 1-1: Foul Ball, location: 2F 1-2: Ball 2-2: Strikes out looking
|
Batting: LHB Dante Aristizabal
|
0-0: Swinging Strike 0-1: Fly out, F6 (Popup, 6S)
|
Top of the 3rd over - 0 runs, 1 hit, 0 errors, 3 left on base; Grim 4 - Washington 0 |
BOTTOM OF THE 3RD |
Washington Generals batting - Pitching for Grim Reapers : LHP Archie Erickson
|
Batting: RHB Júlio Rodríguez
|
0-0: SOLO HOME RUN (Flyball, 7D), Distance : 389 ft
|
Batting: RHB Iván Pérez
|
0-0: Called Strike 0-1: Ball 1-1: Ball 2-1: Foul Ball, location: 2F 2-2: Fly out, F9 (Line Drive, 9S)
|
Batting: RHB Dan Vanblarcom
|
0-0: Fly out, F9 (Flyball, 89S)
|
Batting: RHB Jeremy Geertsen
|
0-0: Called Strike 0-1: Ball 1-1: Foul Ball, location: 2F 1-2: Ball 2-2: Strikes out swinging passed ball, reaches first!
|
Batting: RHB Stan Wheeler
|
0-0: Ball Jeremy Geertsen steals 2nd base 1-0: DOUBLE (Line Drive, 78D) Jeremy Geertsen scores
|
Batting: RHB Chad Silander
|
0-0: Foul Ball, location: 2F 0-1: Called Strike 0-2: Ball 1-2: Foul Ball, location: 2F 1-2: Strikes out swinging
|
Bottom of the 3rd over - 2 runs, 2 hits, 0 errors, 1 left on base; Grim 4 - Washington 2 |
TOP OF THE 4TH |
Grim Reapers batting - Pitching for Washington Generals : RHP Phillip Donoghue
|
Batting: RHB Lee Benjamin
|
0-0: Called Strike 0-1: Foul Ball, location: 2F 0-2: Ball 1-2: Foul Ball, location: 2F 1-2: Fly out, F4 (Popup, 4M)
|
Batting: RHB Lu-fang Koo
|
0-0: Called Strike 0-1: Called Strike 0-2: Ball 1-2: Foul Ball, location: 2F 1-2: Foul Ball, location: 2F 1-2: SINGLE (Line Drive, 34D)
|
Batting: RHB Mason Congdon
|
0-0: Ball 1-0: Foul Ball, location: 2F 1-1: Called Strike Lu-fang Koo steals 2nd base 1-2: Fly out, F7 (Flyball, 78D)
|
Batting: RHB Bartolo Hernández
|
0-0: Called Strike 0-1: SINGLE (Groundball, 6MD) Lu-fang Koo to third Runner from 3rd tries for Home, SAFE, throw made home
|
Batting: RHB Luis Pagán
|
0-0: Fielders Choice at 2nd, 6-4 (Groundball, 56)
|
Top of the 4th over - 1 run, 2 hits, 0 errors, 1 left on base; Grim 5 - Washington 2 |
BOTTOM OF THE 4TH |
Washington Generals batting - Pitching for Grim Reapers : LHP Archie Erickson
|
Batting: RHB Daryl Yandell
|
0-0: Ball 1-0: Ground out 3-1 (Groundball, 34)
|
Batting: RHB Mike Lipide
|
0-0: Ball 1-0: Called Strike 1-1: Called Strike 1-2: Ball 2-2: Ball 3-2: Base on Balls
|
Batting: RHB Alonso Vielma
|
0-0: Called Strike 0-1: Fly out, F8 (Flyball, 78M)
|
Batting: RHB Júlio Rodríguez
|
0-0: SINGLE (Groundball, 56D) Mike Lipide to second Runner from 2nd tries for 3rd, SAFE, no throw
|
Batting: RHB Iván Pérez
|
0-0: Ball 1-0: Ground out 3-1 (Groundball, 34S)
|
Bottom of the 4th over - 0 runs, 1 hit, 0 errors, 2 left on base; Grim 5 - Washington 2 |
TOP OF THE 5TH |
Grim Reapers batting - Pitching for Washington Generals : RHP Phillip Donoghue
|
Batting: RHB Dolla Head
|
0-0: Called Strike 0-1: Ball 1-1: Ball 2-1: Foul Ball, location: 2F 2-2: Strikes out swinging
|
Batting: RHB Colby King
|
0-0: Foul Ball, location: 2F 0-1: Ball 1-1: DOUBLE (Line Drive, 7LM)
|
Pitching: LHP Ramón Cortéz
|
|
Batting: LHB Alberto Garza
|
0-0: SINGLE (Groundball, 13) (infield hit) Colby King to third
|
Batting: LHB Dante Aristizabal
|
0-0: Ball 1-0: Foul Ball, location: 2F 1-1: Ground out U3 (Groundball, 3) Colby King scores Alberto Garza to second
|
Batting: RHB Lee Benjamin
|
0-0: Swinging Strike 0-1: Ball 1-1: Called Strike 1-2: Foul Ball, location: 2F 1-2: Strikes out swinging
|
Top of the 5th over - 1 run, 2 hits, 0 errors, 1 left on base; Grim 6 - Washington 2 |
BOTTOM OF THE 5TH |
Washington Generals batting - Pitching for Grim Reapers : LHP Archie Erickson
|
Batting: RHB Dan Vanblarcom
|
0-0: Called Strike 0-1: Called Strike 0-2: Strikes out swinging
|
Batting: RHB Jeremy Geertsen
|
0-0: Ball 1-0: Ball 2-0: Ball 3-0: Base on Balls
|
Batting: RHB Stan Wheeler
|
0-0: Foul Ball, location: 2F 0-1: Ball 1-1: Ball 2-1: Swinging Strike 2-2: Ball 3-2: Base on Balls Jeremy Geertsen to second
|
Batting: RHB Chad Silander
|
0-0: Called Strike 0-1: Ball 1-1: Swinging Strike 1-2: Ball 2-2: Ball 3-2: Base on Balls Jeremy Geertsen to third Stan Wheeler to second
|
Batting: RHB Daryl Yandell
|
0-0: Fly out, F8 (Flyball, 8LM) Runner from 3rd tags up, SCORES, throw made
|
Batting: RHB Mike Lipide
|
0-0: Ball 1-0: Fielders Choice at 2nd, 6-4 (Groundball, 6)
|
Bottom of the 5th over - 1 run, 0 hits, 0 errors, 2 left on base; Grim 6 - Washington 3 |
TOP OF THE 6TH |
Grim Reapers batting - Pitching for Washington Generals : LHP Ramón Cortéz
|
Batting: RHB Lu-fang Koo
|
0-0: Called Strike 0-1: Fly out, F6 (Line Drive, 6)
|
Batting: RHB Mason Congdon
|
0-0: Fly out, F9 (Flyball, 89M)
|
Batting: RHB Bartolo Hernández
|
0-0: Ball 1-0: Ball 2-0: Fly out, F3 (Popup, 34S)
|
Top of the 6th over - 0 runs, 0 hits, 0 errors, 0 left on base; Grim 6 - Washington 3 |
BOTTOM OF THE 6TH |
Washington Generals batting - Pitching for Grim Reapers : LHP Archie Erickson
|
Batting: RHB Alonso Vielma
|
0-0: Called Strike 0-1: Ball 1-1: SINGLE (Flyball, 9LM)
|
Batting: RHB Júlio Rodríguez
|
0-0: Bunted foul 0-1: Ball 1-1: Sac Bunt - play at first, batter safe! Alonso Vielma to second
|
Batting: RHB Iván Pérez
|
0-0: Called Strike 0-1: Foul Ball, location: 2F 0-2: Ball 1-2: Ball 2-2: Strikes out swinging
|
Batting: RHB Dan Vanblarcom
|
0-0: Ball 1-0: Foul Ball, location: 2F 1-1: Grounds into double play, 5-4-3 (Groundball, 5)
|
Bottom of the 6th over - 0 runs, 2 hits, 0 errors, 1 left on base; Grim 6 - Washington 3 |
TOP OF THE 7TH |
Grim Reapers batting - Pitching for Washington Generals : LHP Ramón Cortéz
|
Batting: RHB Luis Pagán
|
0-0: Swinging Strike 0-1: Ball 1-1: Ball 2-1: Swinging Strike 2-2: SINGLE (Groundball, 56S) (infield hit)
|
Batting: RHB Dolla Head
|
0-0: Called Strike 0-1: Sac Bunt - play at second, runner OUT! 3-6
|
Batting: RHB Colby King
|
0-0: SINGLE (Groundball, 6MD) Dolla Head to second
|
Batting: LHB Alberto Garza
|
0-0: Called Strike 0-1: Foul Ball, location: 2F 0-2: Foul Ball, location: 2F 0-2: Ball 1-2: Fielders Choice at 2nd, 6-4 (Groundball, 6) Dolla Head to third
|
Batting: LHB Dante Aristizabal
|
0-0: Foul Ball, location: 2F 0-1: Called Strike 0-2: Foul Ball, location: 2F 0-2: Ball 1-2: Fly out, F7 (Flyball, 78M)
|
Top of the 7th over - 0 runs, 2 hits, 0 errors, 2 left on base; Grim 6 - Washington 3 |
BOTTOM OF THE 7TH |
Washington Generals batting - Pitching for Grim Reapers : LHP Archie Erickson
|
Batting: RHB Jeremy Geertsen
|
0-0: Hit by Pitch
|
Batting: RHB Stan Wheeler
|
0-0: Ball 1-0: Fly out, F3 (Popup, 23)
|
Batting: RHB Chad Silander
|
0-0: SINGLE (Flyball, 8RS) Jeremy Geertsen to second
|
Batting: RHB Daryl Yandell
|
0-0: Ball 1-0: Ball 2-0: Called Strike 2-1: Ball 3-1: Called Strike 3-2: Foul Ball, location: 2F 3-2: Foul Ball, location: 2F 3-2: Strikes out swinging
|
Batting: RHB Mike Lipide
|
0-0: Ball 1-0: DOUBLE (Flyball, 8RD) Jeremy Geertsen scores Chad Silander to third
|
Pinch Hitting: RHB Franklin Rascón
|
0-0: Foul Ball, location: 2F 0-1: Foul Ball, location: 2F 0-2: Strikes out swinging
|
Bottom of the 7th over - 1 run, 2 hits, 0 errors, 2 left on base; Grim 6 - Washington 4 |
TOP OF THE 8TH |
Grim Reapers batting - Pitching for Washington Generals : LHP Ramón Cortéz
|
Now in LF: Franklin Rascón
|
|
Batting: RHB Lee Benjamin
|
0-0: Ball 1-0: Ball 2-0: Ball 3-0: Called Strike 3-1: Foul Ball, location: 2F 3-2: Strikes out swinging
|
Batting: RHB Lu-fang Koo
|
0-0: Ball 1-0: Called Strike 1-1: Foul Ball, location: 2F 1-2: Ball 2-2: Ball 3-2: SINGLE (Groundball, 2L) (infield hit)
|
Batting: RHB Mason Congdon
|
0-0: Foul Ball, location: 2F 0-1: Ball 1-1: Grounds into double play, 6-4-3 (Groundball, 6)
|
Top of the 8th over - 0 runs, 1 hit, 0 errors, 0 left on base; Grim 6 - Washington 4 |
BOTTOM OF THE 8TH |
Washington Generals batting - Pitching for Grim Reapers : LHP Archie Erickson
|
Pitching: LHP John Hartley
|
|
Batting: RHB Júlio Rodríguez
|
0-0: Ground out 6-3 (Groundball, 6)
|
Batting: RHB Iván Pérez
|
0-0: Called Strike 0-1: Ball 1-1: Ball 2-1: Ball 3-1: Foul Ball, location: 2F 3-2: Base on Balls
|
Batting: RHB Dan Vanblarcom
|
0-0: Ball 1-0: Ball 2-0: Called Strike 2-1: Fly out, F3 (Popup, 3SF)
|
Batting: RHB Jeremy Geertsen
|
0-0: Ball 1-0: Foul Ball, location: 2F 1-1: SINGLE (Line Drive, 9LS) Iván Pérez to second
|
Batting: RHB Stan Wheeler
|
0-0: Called Strike 0-1: Called Strike 0-2: Foul Ball, location: 2F 0-2: Foul Ball, location: 2F 0-2: Ball 1-2: Ground out 1-3 (Groundball, P)
|
Bottom of the 8th over - 0 runs, 1 hit, 0 errors, 2 left on base; Grim 6 - Washington 4 |
TOP OF THE 9TH |
Grim Reapers batting - Pitching for Washington Generals : LHP Ramón Cortéz
|
Batting: RHB Bartolo Hernández
|
0-0: Foul Ball, location: 2F 0-1: Ball 1-1: SINGLE (Line Drive, 56)
|
Batting: RHB Luis Pagán
|
0-0: Ball 1-0: Grounds into double play, 5-4-3 (Groundball, 5L)
|
Batting: RHB Dolla Head
|
0-0: Called Strike 0-1: Ground out 6-3 (Groundball, 56)
|
Top of the 9th over - 0 runs, 1 hit, 0 errors, 0 left on base; Grim 6 - Washington 4 |
BOTTOM OF THE 9TH |
Washington Generals batting - Pitching for Grim Reapers : LHP John Hartley
|
Batting: RHB Chad Silander
|
0-0: Ball 1-0: Foul Ball, location: 2F 1-1: Ball 2-1: Called Strike 2-2: Foul Ball, location: 2F 2-2: Foul Ball, location: 2F 2-2: Strikes out swinging
|
Batting: RHB Daryl Yandell
|
0-0: Foul Ball, location: 2F 0-1: Ball 1-1: Fly out, F9 (Flyball, 9)
|
Batting: RHB Mike Lipide
|
0-0: Foul Ball, location: 2F 0-1: SINGLE (Groundball, 56D)
|
Pitching: RHP Francisco Rivera
|
|
Batting: RHB Franklin Rascón
|
0-0: Ball 1-0: Foul Ball, location: 2F 1-1: Ball 2-1: Ball 3-1: Base on Balls Mike Lipide to second
|
Pinch Hitting: RHB Jonathan Barnett
|
0-0: Ball 1-0: Foul Ball, location: 2F 1-1: Foul Ball, location: 2F 1-2: Ball 2-2: Foul Ball, location: 2F 2-2: Fielders Choice at 2nd, 6-4 (Groundball, 6)
|
Bottom of the 9th over - 0 runs, 1 hit, 0 errors, 2 left on base; Grim 6 - Washington 4 |
|